 Dungeon Crawl Stone Soup version 0.31-a0-988-g08d55dae12 (webtiles) character file.

Game seed: 5044960112059852891

12 Pixllover the Ruffian (level 2, 0/23 HPs)
             Began as a Gnoll Shapeshifter on Nov 4, 2023.
             Frozen to death by an endoplasm (3 damage)
             ... on level 1 of the Dungeon.
             The game lasted 00:00:25 (112 turns).

Pixllover the Ruffian (Gnoll Shapeshifter)           Turns: 112, Time: 00:00:27

Health: 0/23       AC:  2    Str: 13    XL:     2   Next: 33%
Magic:  2/2        EV: 13    Int:  9    God:
Gold:   11         SH:  0    Dex: 11    Spells: 1/1 levels left

rFire   . .          .
                       - Unarmed
rCold   . . .        (no shield)
rNeg    . . .        a - +0 animal skin
rPois   .            (helmet currently unavailable)
rElec   .            (cloak currently unavailable)
rCorr   .            (gloves currently unavailable)
SInv    .            (boots currently unavailable)
Will    .....        (no amulet)
Stlth   +            (no ring)
HPRegen 0.23/turn    (no ring)
MPRegen 0.08/turn

%: no passive effects
@: beast-form
A: beast (slay +3), fangs 1, strong nose, distributed training
a: Begin Untransformation


You were on level 1 of the Dungeon.
You were a hulking beast.
You visited 1 branch of the dungeon, and saw 1 of its levels.

You collected 11 gold pieces.

Inventory:

Armour
 a - a +0 animal skin (worn)
Talismans
 c - a beast talisman
 d - a flux talisman
Scrolls
 e - a scroll of identify {unknown}
 f - a scroll of enchant armour {unknown}
 g - a scroll of blinking {unknown}
Potions
 b - a potion of lignification


   Skills:
 + Level 2.5 Fighting
 + Level 0.4 Short Blades
 + Level 0.4 Long Blades
 + Level 0.4 Axes
 + Level 0.4 Maces & Flails
 + Level 0.4 Polearms
 + Level 0.4 Staves
 + Level 0.4 Ranged Weapons
 + Level 0.4 Throwing
 + Level 0.4 Armour
 + Level 4.5 Dodging
 + Level 0.4 Stealth
 + Level 0.4 Shields
 + Level 6.5 Unarmed Combat
 + Level 0.4 Spellcasting
 + Level 0.2 Conjurations
 + Level 0.2 Hexes
 + Level 0.2 Summonings
 + Level 0.2 Necromancy
 + Level 0.2 Translocations
 + Level 0.2 Transmutations
 + Level 0.2 Fire Magic
 + Level 0.2 Ice Magic
 + Level 0.2 Air Magic
 + Level 0.2 Earth Magic
 + Level 0.2 Poison Magic
 + Level 0.5 Invocations
 + Level 0.4 Evocations
 + Level 6.4 Shapeshifting


You had one spell level left.
You didn't know any spells.
Your spell library contained the following spells:

 Spells                   Type           Power      Damage    Failure   Level
 Apportation              Tloc           0%         N/A       34%         1
 Necrotise                Necr           0%         1d4       34%         1
 Summon Small Mammal      Summ           0%         N/A       34%         1


Dungeon Overview and Level Annotations

Branches:
Dungeon (1/15)

Altars:


Innate Abilities, Weirdness & Mutations

You are a hulking beast.
Your limbs bulge with bestial killing power. (Slay +3)
You have very sharp teeth.
Your uncanny sense of smell can sniff out nearby items.
Your experience applies equally to all skills.


Message History

You punch the jackal!
You kill the jackal!
You barely miss the jackal. Your punch misses the jackal.
The hobgoblin closely misses you. The jackal misses you.
The jackal barely misses you. The hobgoblin closely misses you.
The jackal bites you. The jackal closely misses you.
You see here a jackal corpse.
The hobgoblin barely misses you. The jackal bites you.
The jackal closely misses you. x2
You completely miss the jackal. Your punch misses the jackal.
The jackal bites you. The jackal misses you.
You hit the jackal.
You kill the jackal!
The jackal misses you.
The jackal bites you but does no damage.
You punch the hobgoblin!
You kill the hobgoblin!
The jackal bites you. x2
You hit the ball python.
You kill the ball python!
The jackal closely misses you. The jackal bites you.
The jackal bites you but does no damage.
You hit the endoplasm.
The endoplasm is heavily wounded.
The jackal barely misses you. The endoplasm freezes you.
You are frozen.
* * * LOW HITPOINT WARNING * * *
The jackal bites you.
* * * LOW HITPOINT WARNING * * *
The jackal closely misses you.
You barely miss the endoplasm.
The endoplasm is heavily wounded.
The jackal bites you.
* * * LOW HITPOINT WARNING * * *
The jackal completely misses you. The endoplasm freezes you.
You are frozen.
You die...

#.# ##.### #.# .....#. #
##.##........
##.###...#......
.[............#
∆###.#...##..####
#.....S..w####.##
.#.#.##.##Jh##...## ...
#.##hh#≈.<.≈# #.
#.....#≈...≈#
#.####.....#≈...≈##.#
#..........#≈...≈##.#
#.>.....#..#≈...≈#..##
#.......#..##...##...#
#......)##.##...###..####
#...........+8.8'........
###....###..##.##....####


You could see a dart slug, an endoplasm and 2 jackals.

Vanquished Creatures
  A ball python (D:1)
  An endoplasm (D:1)
  A giant cockroach (D:1)
  2 goblins (D:1)
  A hobgoblin (D:1)
  2 jackals (D:1)
  A quokka (D:1)
  A kobold (D:1)
10 creatures vanquished.

Notes
Turn   | Place    | Note
-------+----------+-------------------------------------------
     0 | D:1      | Pixllover the Gnoll Shapeshifter began the quest for the
                  | Orb.
     0 | D:1      | Reached XP level 1. HP: 17/17 MP: 1/1
    88 | D:1      | Reached XP level 2. HP: 23/23 MP: 2/2
   112 | D:1      | Frozen to death by an endoplasm

Illustrated notes

Levels and vault maps discovered:
D:1:      wander_arrival_chamber, layout_loops_ring,
          chequers_serial_rivers_large_b, minmay_misc_feat_enclosed

Action                     || total
---------------------------++-------
  Melee: Unarmed           ||    24
         Bite              ||     1
 Armour: Animal skin       ||    23
  Dodge: Dodged            ||    28

Table legend: (Time is in decaauts)
 A = Elapsed time spent in this place.
 B = Non-inter-level travel time spent in this place.
 C = Inter-level travel time spent in this place.
 D = Time resting spent in this place.
 E = Time spent auto-exploring this place.
 F = Levels seen in this place.
 G = Mean time per level.
                   A        B        C        D        E       F      G
               +--------+--------+--------+--------+--------+-----+--------+
         Total |    109 |    109 |      0 |      0 |     25 |   1 |  109.0 |
       Dungeon |    109 |    109 |      0 |      0 |     25 |   1 |  109.0 |
               +--------+--------+--------+--------+--------+-----+--------+

Top non-repeatable levels by time:
     D:1: 109 daAuts
